Map: Belladone EC

Players

FireFoX

  • Race: Zerg Zerg
  • Spawn Location: 11:00

IA (moyenne) - Winner!

  • Race: Terran Terran
  • Spawn Location: 5:00

VOD

Have the link to the VOD?

Description

Time

  • Played on: Jan. 30, 2020, 3:28 p.m.
  • Length: 12:15
Show
View Real Time Build Order
Export as new Build Order

FireFoX Zerg 

Build Orders: Hatch First 

Get SALT Encoding   

  12  0:01  Drone  
  13  0:08  Drone  
  14  0:16  Overlord  
  14  0:22  Extractor  
  14  0:23  Drone  
  15  0:34  Drone x2  
  17  0:54  Hatchery  
  17  0:56  Drone  
  17  0:59  Extractor  
  17  1:01  Drone  
  17  1:15  Spawning Pool  
  16  1:19  Drone  
  16  1:21  Drone  
  18  1:27  Drone  
  19  1:39  Overlord  
  19  2:05  Metabolic Boost  
  19  2:06  Queen, Zergling x2  
  19  2:07  Zergling x2  
  23  2:09  Queen  
  23  2:11  Drone  
  23  2:13  Drone  
  27  2:22  Drone x2  
  29  2:38  Hatchery  
  29  2:42  Drone x2  
  30  2:49  Drone x2  
  32  2:52  Overlord  
  32  2:59  Queen  
  32  3:05  Drone x2  
  36  3:11  Drone x2  
  38  3:15  Overlord  
  38  3:21  Drone  
  38  3:22  Drone x3  
  42  3:32  Drone  
  43  3:35  Drone  
  43  3:36  Queen  
  46  3:42  Overlord  
  46  3:51  Queen  
  48  3:56  Zergling x4  
  48  3:57  Overlord  
  48  4:00  Zergling x2, Baneling Nest  
  48  4:01  Zergling x6  
  53  4:05  Overlord  
  53  4:07  Drone x2  
  53  4:08  Zergling x2  
  53  4:09  Zergling x2  
  57  4:24  Drone, Spore Crawler  
  57  4:25  Spore Crawler  
  57  4:26  Drone  
  57  4:27  Drone  
  57  4:28  Drone x5  
  63  4:35  Drone  
  63  4:36  Drone, Queen  
  67  4:44  Drone x2  
  67  4:45  Baneling x4  
  69  4:50  Baneling  
  69  4:54  Overlord x2  
  69  4:55  Zergling x2  
  69  4:56  Zergling x6  
  69  4:58  Zergling x2  
  74  5:05  Extractor x2  
  74  5:06  Lair  
  74  5:07  Evolution Chamber  
  71  5:08  Evolution Chamber  
  71  5:11  Drone x3  
  73  5:18  Drone x4  
  73  5:19  Drone  
  78  5:26  Drone x5  
  83  5:31  Drone x3  
  83  5:34  Zerg Melee Weapons Level 1  
  86  5:39  Zerg Ground Armor Level 1  
  86  5:42  Drone x4  
  90  5:44  Extractor  
  90  5:45  Extractor  
  88  5:51  Overlord x2  
  88  5:55  Drone  
  88  5:56  Zergling x2, Spore Crawler  
  88  5:57  Zergling x2  
  90  6:04  Centrifical Hooks  
  90  6:10  Drone x2  
  92  6:14  Drone  
  92  6:15  Zergling x6  
  92  6:16  Zergling x6  
  99  6:19  Baneling x7  
  99  6:25  Hatchery  
  98  6:31  Drone, Overlord x2  
  98  6:32  Drone x2  
  101  6:34  Extractor  
  101  6:38  Hydralisk Den, Drone  
  101  6:39  Drone x3  
  104  6:40  Drone x2, Spore Crawler  
  104  6:41  Drone  
  104  6:42  Drone  
  106  6:49  Zergling x8  
  106  6:50  Baneling x4  
  106  6:51  Baneling x4  
  106  6:52  Baneling x2  
  106  6:53  Baneling  
  106  6:54  Baneling  
  110  6:58  Overlord  
  110  6:59  Drone x3  
  108  7:15  Hydralisk x4, Grooved Spines  
  108  7:17  Hydralisk  
  108  7:21  Extractor  
  117  7:23  Hydralisk x2  
  117  7:24  Extractor  
  117  7:26  Drone x3  
  123  7:35  Spore Crawler  
  123  7:36  Drone x2, Spine Crawler  
  123  7:37  Spine Crawler  
  123  7:39  Zerg Melee Weapons Level 2  
  122  7:54  Zerg Ground Armor Level 2  
  122  7:57  Hydralisk x2, Zergling x2  
  122  7:58  Hydralisk x2  
  129  8:02  Zergling x10  
  129  8:03  Spine Crawler  
  135  8:06  Overlord x2  
  135  8:08  Pneumatized Carapace  
  135  8:09  Overseer x2  
  135  8:26  Muscular Augments  
  135  8:27  Zergling x14  
  135  8:28  Zergling x2  
  135  8:29  Baneling x11  
  135  8:30  Baneling  
  143  8:35  Hydralisk x4  
  143  8:37  Hydralisk, Infestation Pit  
  152  9:06  Overlord x4  
  152  9:08  Hatchery, Overlord x2  
  151  9:10  Baneling  
  151  9:11  Baneling x14  
  151  9:14  Hive  
  151  9:19  Drone  
  152  9:25  Zergling x2, Spore Crawler  
  152  9:26  Zergling x12  
  152  9:27  Spore Crawler  
  157  9:40  Zergling x24  
  157  9:44  Drone x4  
  173  9:45  Drone  
  174  9:53  Zergling x6  
  174  9:54  Zergling x4  
  174  9:55  Zergling x6  
  182  10:01  Zergling x2  
  182  10:02  Zergling x4  
  185  10:12  Zerg Missile Weapons Level 1  
  185  10:14  Evolution Chamber  
  185  10:15  Hydralisk x5  
  185  10:16  Hydralisk  
  196  10:37  Adrenal Glands  
  196  10:39  Ultralisk Cavern  
  196  10:41  Hydralisk  
  196  10:42  Hydralisk  
  199  10:43  Baneling  
  199  10:44  Baneling x7  
  199  10:45  Zergling x2  
  200  10:57  Drone x2, Spine Crawler x2  
  199  11:00  Spine Crawler  
  199  11:11  Zergling x2  
  190  11:34  Ultralisk  
  195  11:51  Overlord x3  
  195  12:02  Spire x2  
  195  12:03  Overseer x2  
Show
View Real Time Build Order
Export as new Build Order

IA (moyenne) Terran - Winner!

Build Orders:  

Get SALT Encoding   

  12  0:00  SCV  
  13  0:13  SCV  
  14  0:17  Supply Depot  
  14  0:25  SCV  
  15  0:39  SCV  
  16  0:43  Barracks  
  16  0:49  Refinery  
  16  0:51  SCV  
  17  1:03  SCV  
  18  1:15  Supply Depot  
  18  1:31  Marine  
  19  1:32  Barracks, Orbital Command  
  19  1:41  Refinery  
  19  1:49  Barracks Tech Lab  
  19  2:06  Marine  
  20  2:13  Supply Depot  
  20  2:24  Marine  
  21  2:31  Marine  
  22  2:43  Marine  
  23  2:46  Supply Depot  
  23  2:54  SCV  
  23  2:55  Marine  
  25  3:06  SCV  
  25  3:07  Engineering Bay, Marine  
  27  3:18  SCV  
  27  3:19  Marine  
  29  3:30  SCV  
  29  3:32  Marauder  
  32  3:42  SCV  
  32  3:44  Marine  
  32  3:45  Supply Depot  
  34  3:54  SCV  
  35  3:56  Marauder  
  37  4:18  Marauder  
  39  4:39  Marauder  
  41  6:31  Barracks Tech Lab  
  41  6:34  Factory  
  41  6:35  Factory  
  41  6:38  Command Center, Supply Depot  
  41  6:39  Missile Turret  
  41  6:41  Missile Turret  
  41  6:46  Sensor Tower  
  41  6:48  Barracks  
  41  7:02  Bunker  
  41  7:04  Marine  
  25  7:16  Marine  
  25  7:17  Factory Tech Lab  
  25  7:18  Factory Tech Lab  
  26  7:24  Starport  
  26  7:27  Marine, Armory  
  27  7:35  Barracks Reactor  
  27  7:39  Marine  
  28  7:50  Marine  
  30  7:51  SCV  
  30  7:54  SCV  
  31  7:59  Refinery  
  31  8:01  Missile Turret  
  31  8:02  Marine  
  31  8:03  SCV  
  31  8:04  Missile Turret, Starport Tech Lab  
  33  8:06  Refinery, SCV  
  34  8:13  Marine  
  34  8:15  SCV  
  34  8:18  SCV  
  37  8:24  Bunker  
  37  8:25  Raven, Marine  
  40  8:27  SCV  
  40  8:30  SCV  
  42  8:36  Siege Tank  
  42  8:39  SCV  
  46  8:42  SCV  
  46  8:48  Widow Mine  
  49  8:51  SCV  
  49  8:55  SCV  
  51  9:00  Marauder  
  53  9:04  SCV  
  53  9:07  SCV  
  53  9:08  Raven  
  57  9:11  Marauder  
  57  9:16  SCV  
  60  9:19  SCV  
  60  9:22  Siege Tank  
  64  9:28  SCV  
  64  9:31  SCV  
  66  9:34  Widow Mine  
  68  9:40  SCV  
  68  9:43  SCV  
  68  9:45  Supply Depot  
  69  11:19  Thor  
  69  11:20  Medivac  
  69  11:21  Starport  
  69  11:23  Supply Depot  
  77  11:27  Ghost Academy  
  77  11:30  Fusion Core, Siege Tank  
  69  11:34  Engineering Bay  
  69  11:38  SCV, Marauder, Armory  
  50  11:46  Marauder  
  33  11:50  SCV  
  36  11:56  Marine  
  36  11:57  Starport Reactor  
  37  12:02  SCV  
  40  12:11  Command Center  
Tags
 
Matchup
TvZ
Spawn Locations
Cross Positions
Add a new tag
Caveats
  • Supply blocks, unpowered buildings, or Contaminate may cause inaccurate times.
  • Supply counts are checked every 10 seconds.